 Dungeon Crawl Stone Soup version 0.22-a0-246-gdc04c06 (webtiles) character file.

796264 galech the Wrestler (level 27, -8/293 HPs)
             Began as a Troll Monk on Feb 20, 2018.
             Was a High Priest of Okawaru.
             Killed by divine providence
             ... invoked by a balrug
              (14 damage)
             ... on level 6 of Gehenna on Feb 22, 2018.
             The game lasted 05:03:41 (79030 turns).

galech the Wrestler (Troll Monk)                   Turns: 79030, Time: 05:03:42

Health: -8/293     AC: 36    Str: 48    XL:     27
Magic:  0/39       EV: 26    Int:  8    God:    Okawaru [*****.]
Gold:   9314       SH: 30    Dex: 22    Spells: 26/26 levels left

rFire    + + +     SeeInvis +     - Unarmed
rCold    + + .     Gourm    +   w - +1 large shield {AC+3}
rNeg     . . .     Faith    .   S - +1 gold dragon scales of Ughulech {rPois rF+ rC+ Str+3 Dex+3}
rPois    +         Spirit   +   r - +2 hat {MR+}
rElec    .         Reflect  .   E - scarf {Spirit}
rCorr    .         Harm     .   (gloves unavailable)
MR       ++++.                  (boots unavailable)
Stlth    ..........             y - amulet "Sonogagh" {RegenMP Str+5 Int-2 SInv}
HPRegen  0.98/turn              I - ring of Balance {rPois rF++ Int+3}
MPRegen  0.51/turn              A - ring "Leuram" {rC+ Str+5 Dex+7}

@: heroism, very slightly contaminated
A: large, unfitting armour, claws 3, fangs 1, icy blue scales 1, fast metabolism
3, gourmand, high mp 1, magic resistance 1, regeneration 1, shaggy fur 1, tough
skin 2, wild magic 1, evolution 1, sturdy frame 1
}: 5/15 runes: barnacled, slimy, silver, golden, gossamer
a: Heroism, Finesse, Renounce Religion


You were on level 6 of Gehenna.
You worshipped Okawaru.
Okawaru was extremely pleased with you.
You were very full.

You visited 15 branches of the dungeon, and saw 64 of its levels.
You also visited: Labyrinth, Trove, Ice Cave and Volcano.

You collected 10260 gold pieces.
You spent 946 gold pieces at shops.

Inventory:

Armour
 l - +1 shadow dragon scales
 r - a +2 hat of magic resistance (worn)
 w - a +1 large shield of protection (worn)
 D - a scarf of resistance
 E - a scarf of spirit shield (worn)
 G - a +0 hat of intelligence
 J - the +3 shield of the Thunderstorm {rN++ Str+3 Dex-3}
   (You found it on level 3 of the Crypt)

   It affects your strength (+3).
   It affects your dexterity (-3).
   It greatly protects you from negative energy.
 P - the +4 troll leather armour of the Devil's Advocate {-Tele Regen+ Dex+4 Slay+2}
   (Okawaru gifted it to you on level 2 of the Orcish Mines)

   It affects your dexterity (+4).
   It affects your accuracy and damage with ranged weapons and melee attacks
   (+2).
   It prevents most forms of teleportation.
   It increases your rate of regeneration.
 S - the +1 gold dragon scales of Ughulech (worn) {rPois rF+ rC+ Str+3 Dex+3}
   (You acquired it on level 12 of the Dungeon)

   It affects your strength (+3).
   It affects your dexterity (+3).
   It protects you from fire.
   It protects you from cold.
   It protects you from poison.
 T - +1 gold dragon scales
 U - the +4 shadow dragon scales "Oter" {+Blink rF+ Stlth++++}
   (Okawaru gifted it to you on level 4 of the Vaults)

   It protects you from fire.
   It lets you blink.
   It makes you much more stealthy.
Jewellery
 h - a +6 ring of evasion
 j - an uncursed ring of protection from cold
 n - the ring of the Sparrow {+Inv MR+ Int+2 Stlth-}
   (You found it on level 1 of the Tomb of the Ancients)

   [ring of loudness]

   It affects your intelligence (+2).
   It affects your resistance to hostile enchantments.
   It lets you turn invisible.
   It makes you less stealthy.
 o - an uncursed ring of positive energy
 q - an uncursed ring of protection from magic
 v - a +4 ring of protection
 y - the amulet "Sonogagh" (around neck) {RegenMP Str+5 Int-2 SInv}
   (You found it on level 7 of the Dungeon)

   [amulet of magic regeneration]

   It increases your magic regeneration.
   It affects your strength (+5).
   It affects your intelligence (-2).
   It lets you see invisible.
 A - the ring "Leuram" (right claw) {rC+ Str+5 Dex+7}
   (You took it off a greater mummy on level 3 of the Tomb of the Ancients)

   [ring of protection from cold]

   It affects your strength (+5).
   It affects your dexterity (+7).
   It protects you from cold.
 B - the ring of Hun Gizy {rPois MR- Str+5 Int+9 Slay-3}
   (You took it off a tengu reaver on level 5 of the Vaults)

   [ring of poison resistance]

   It affects your strength (+5).
   It affects your intelligence (+9).
   It affects your accuracy and damage with ranged weapons and melee attacks
   (-3).
   It protects you from poison.
   It affects your resistance to hostile enchantments.
 F - an uncursed amulet of guardian spirit
 I - the ring of Balance (left claw) {rPois rF++ Int+3}
   (You found it on level 12 of the Dungeon)

   [ring of poison resistance]

   It affects your intelligence (+3).
   It greatly protects you from fire.
   It protects you from poison.
 K - the ring of Vanity {rC+ rN+ MP+9}
   (You acquired it on level 12 of the Dungeon)

   [ring of magical power]

   It protects you from cold.
   It protects you from negative energy.
   It affects your magic capacity (+9).
 V - an uncursed ring of resist corrosion
Wands
 a - a wand of digging (14)
 k - a wand of random effects (36)
Scrolls
 d - 32 scrolls of remove curse
 g - 8 scrolls of enchant armour
 p - 16 scrolls of magic mapping
 u - 9 scrolls of identify
 C - 10 scrolls of teleportation
 M - 4 scrolls of summoning
 N - 8 scrolls of fog
 W - 4 scrolls of fear
 Z - 6 scrolls of blinking
Potions
 c - 2 potions of curing
 f - 10 potions of flight
 i - 8 potions of haste
 m - 8 potions of berserk rage
 s - 5 potions of agility
 x - 2 potions of mutation
 z - 5 potions of cancellation
 H - 8 potions of might
 O - 10 potions of brilliance
 R - 8 potions of resistance
 X - 2 potions of magic
Miscellaneous
 L - a figurine of a ziggurat
 Y - the horn of Geryon
Comestibles
 b - 67 rations


   Skills:
 + Level 20.6(25.6) Fighting
 + Level 18.9(23.9) Armour
 + Level 20.5(25.5) Dodging
 - Level 1.0(6.0) Stealth
 + Level 16.0(21.0) Shields
 + Level 23.6(27) Unarmed Combat
 + Level 19.8 Invocations


You had 26 spell levels left.
You didn't know any spells.

Dungeon Overview and Level Annotations

Branches:
Dungeon (15/15)            Temple (1/1) D:5            Lair (6/6) D:9
 Shoals (4/4) Lair:4       Spider (4/4) Lair:3        Slime (5/5) Lair:5
    Orc (2/2) D:9             Elf (3/3) Orc:2        Vaults (5/5) D:14
  Crypt (3/3) Vaults:2       Tomb (3/3) Crypt:3      Depths (5/5) D:15
   Hell (1/1)                 Dis (0/7) Hell            Geh (6/7) Hell
    Coc (0/7) Hell            Tar (0/7) Hell            Zot (1/5) Depths:5

Altars:
Ashenzari
Cheibriados
Dithmenos
Elyvilon
Fedhas
Gozag
Hepliaklqana
Kikubaaqudgha
Makhleb
Nemelex Xobeh
Okawaru
Qazlal
Ru
Sif Muna
Trog
Uskayaw
Vehumet
Wu Jian
Xom
Yredelemnul
Zin
The Shining One
Beogh

Shops:
D:8 [   D:13 ?   Orc:1 [   Orc:2 :%%?   Elf:1 =   Elf:3 %*=%   Shoals:1 !
Vaults:3 ?

Portals:
Hell: Depths:1 Depths:2 Depths:3 Depths:4 Depths:5
Abyss: Depths:2 Depths:4 Depths:5
Pandemonium: Depths:2 Depths:3
Ziggurat: Depths:4

Annotations:
Elf:2 2 runed doors


Innate Abilities, Weirdness & Mutations

You are too large for most types of armour.
You have claws for hands.
Your metabolism is lightning-fast.
You like to eat raw meat.
Your natural rate of healing is unusually fast.
You are covered in fur. (AC +1)
You have very tough skin. (AC +2)
You have very sharp teeth.
You are partially covered in icy blue scales. (AC +2)
You have an increased reservoir of magic. (+10% MP)
You are resistant to hostile enchantments. (MR+)
Your spells are a little harder to cast, but a little more powerful.
You evolve.
Your movements are slightly less encumbered by armour. (ER -2)


Message History

Something smites you!
* * * LOW HITPOINT WARNING * * *
The balrug gestures at you. Something smites you!
* * * LOW HITPOINT WARNING * * *
The balrug gestures at you. Something smites you!
* * * LOW HITPOINT WARNING * * *
You eviscerate the fire giant zombie!!!!
The fire giant zombie is heavily damaged.
The balrug gestures at you. Something smites you!
* * * LOW HITPOINT WARNING * * *
Blink to where?
Press: ? - help, Dir - move target cursor You are very lightly contaminated with residual magic.
As you read the scroll of blinking, it crumbles to dust.
The balrug gestures at you. Something smites you!
You die...

.W..#####'##....)..#
.......
....W#..>.....2.§..#
##.....
.#..............Z.##
....Z
###.......#3..≈≈≈≈#
....
#>.....##...§≈≈≈# ≈≈.
§......####..≈≈≈≈##
≈§
§......#####......≈##
§≈≈≈≈≈##.##.......≈≈#
#≈≈≈≈##...'.....@.≈§#
#§§≈####.##....§∩≈≈§#
###≈≈§§≈≈§§§##
#≈≈§≈≈§≈≈§##
#≈≈≈§§###### #≈≈####
###


You could see a balrug, a sun demon and a fire giant zombie.

Vanquished Creatures
  Dissolution (Slime:2)
  the Royal Jelly (Slime:5)
  3 ancient liches
  Mara (Vaults:5)
  33 greater mummies
  Sojobo (Depths:5)
  Saint Roka (Vaults:5)
  Bai Suzhen (Spider:3)
  Margery (Depths:5)
  Geryon (Hell)
  2 golden dragons (Zot:1)
  3 bone dragons
  Nikola (Depths:2)
  Jory (Depths:3)
  the Enchantress (Depths:3)
  Arachne (Spider:2)
  20 Brimstone Fiends
  Jorgrun (Depths:4)
  7 tentacled monstrosities
  2 Ice Fiends (IceCv)
  11 liches
  Asterion (Vaults:3)
  6 titans (Vaults:5)
  3 quicksilver dragons
  3 deep elf blademasters
  27 acid blobs
  2 deep elf master archers (Elf:3)
  A death cob (Zot:1)
  7 shadow dragons
  Gastronok (D:10)
  17 ancient champions
  Agnes (Spider:2)
  6 storm dragons
  5 eldritch tentacles
  15 sphinxes
  Donald (Shoals:2)
  A fire giant (shapeshifter) (Vaults:5)
  5 revenants
  Ilsuiw (Shoals:3)
  13 fire giants
  9 tengu reavers
  2 iron dragons
  11 azure jellies
  4 frost giants
  8 deep elf sorcerers
  4 ghost moths
  8 balrugs
  A cacodemon (Depths:2)
  4 deep elf elementalists (Elf:3)
  Louise (Shoals:2)
  15 vault wardens
  A curse skull (Crypt:1)
  4 spriggan defenders
  2 orc warlords
  A draconian shifter (Depths:5)
  4 emperor scorpions
  5 ghouls
  16 stone giants
  19 ironheart preservers
  20 reapers
  3 war gargoyles
  18 very ugly things
  2 juggernaut skeletons (Depths:4)
  7 deep elf demonologists
  A green draconian (Depths:5)
  7 bennus
  6 deep elf annihilators
  A black draconian (Zot:1)
  3 entropy weavers
  A red draconian (Depths:5)
  A dire elephant (Lair:6)
  8 vampire knights
  7 spark wasps
  A minotaur (Lab)
  A yellow draconian (Depths:5)
  A purple draconian (Depths:5)
  Snorg (D:13)
  A large abomination (Elf:3)
  13 deep elf death magi
  25 mummy priests
  10 ettins
  A blizzard demon (Depths:3)
  14 jiangshi
  7 merfolk javelineers
  2 quicksilver dragon zombies (Geh:3)
  11 death oozes
  An eidolon (Crypt:2)
  14 fire dragons
  Josephine (D:10)
  17 great orbs of eyes
  31 vault guards
  7 merfolk impalers
  2 deep elf high priests
  19 yaktaur captains
  6 rakshasas
  Erolcha (D:9)
  2 quicksilver dragon skeletons
  9 hydras
  11 ice dragons
  3 spriggan air magi
  2 catoblepae
  An alligator snapping turtle (Shoals:4)
  8 merfolk avatars
  A satyr (Shoals:3)
  12 ogre magi
  34 two-headed ogres
  A satyr (shapeshifter) (Vaults:5)
  32 dancing weapons
  11 death knights
  3 merfolk aquamancers (Shoals:4)
  11 centaur warriors
  23 death scarabs
  A queen ant (Lair:5)
  16 deep troll earth magi
  11 death yaks
  6 orc high priests
  6 tengu warriors
  10 deep troll shamans
  5 titan zombies
  12 vampire magi
  34 hell hogs
  23 deep elf knights
  An iron golem (Hell)
  8 soul eaters
  8 spriggan berserkers
  2 fire crabs (shapeshifter)
  15 sun demons
  A spectral emperor scorpion (Spider:4)
  2 storm dragon zombies
  A fire crab (Geh:3)
  41 skeletal warriors
  73 hell knights
  4 storm dragon skeletons
  4 golden dragon zombies
  3 anaconda zombies
  23 deep trolls
  4 titan skeletons
  3 unseen horrors
  A salamander mystic (Volcano)
  5 shadow wraiths
  12 flayed ghosts
  3 ghost moth zombies
  12 sea snakes
  3 wizards
  A shadow demon (Geh:4)
  A torturous demonspawn (Depths:3)
  7 small abominations
  14 ironbrand convokers
  14 deep elf archers
  A glowing orange brain (Depths:3)
  An infernal demonspawn (Depths:3)
  6 anaconda skeletons
  14 phantasmal warriors
  A quicksilver dragon simulacrum (Depths:4)
  A glowing orange brain (shapeshifter) (Elf:2)
  A lindwurm (Lair:5)
  18 necromancers
  18 orc knights
  Pikel (D:8)
  A harpy (shapeshifter) (Vaults:4)
  6 iron dragon zombies
  5 wolf spider zombies
  4 spectral wolf spiders (Spider:4)
  A shadow dragon zombie (Geh:2)
  4 golden dragon skeletons
  8 harpies (Shoals:4)
  4 fire giant zombies
  2 manticores (shapeshifter)
  14 orb spiders
  A wolf spider (shapeshifter) (Vaults:5)
  6 stone giant zombies
  A mana viper (shapeshifter) (Vaults:3)
  41 ugly things
  4 oklob plants (Lair:3)
  38 wolf spiders
  13 manticores
  6 orc sorcerers
  4 frost giant zombies
  52 deep elf magi
  5 shining eyes
  2 salamanders (Volcano)
  5 shadow dragon skeletons
  5 moths of wrath
  22 fauns
  8 cyclopes
  3 elephants (Lair:6)
  6 merfolk sirens
  A cyclops (shapeshifter) (Vaults:2)
  2 shock serpent zombies
  4 frost giant skeletons
  A water nymph (shapeshifter) (Vaults:4)
  7 rust devils
  6 water nymphs
  2 ice statues (IceCv)
  4 dire elephant zombies
  9 iron dragon skeletons
  2 fire giant skeletons
  A guardian serpent (shapeshifter) (Elf:3)
  7 smoke demons
  3 black mambas
  The ghost of p0werm0de the Magician, a novice VSWn of Ashenzari (D:5)
  3 human skeletons
  11 vault sentinels
  12 hellions
  A dire elephant skeleton (Geh:1)
  2 molten gargoyles
  A torpor snail (Spider:2)
  2 spiny frogs (shapeshifter)
  3 gargoyles
  A spriggan skeleton (Depths:4)
  A shock serpent skeleton (Geh:4)
  4 eyes of devastation
  6 spiny frogs
  A minotaur zombie (Geh:2)
  2 redback zombies (Spider:4)
  2 spectral redbacks (Spider:4)
  A catoblepas zombie (Geh:5)
  7 rime drakes
  5 komodo dragons
  48 yaktaurs
  A yaktaur (shapeshifter) (Depths:3)
  2 rime drakes (shapeshifter)
  13 efreet
  A komodo dragon (shapeshifter) (D:15)
  An emperor scorpion zombie (Geh:1)
  A kobold demonologist (D:14)
  17 tormentors
  9 freezing wraiths
  26 red devils
  4 hydra zombies
  13 demonic crawlers
  23 ice devils
  34 jumping spiders
  48 guardian mummies
  2 catoblepas skeletons (Geh:5)
  2 hellwings
  A queen bee (Lair:5)
  2 polar bears (Lair:6)
  A polar bear (shapeshifter) (Vaults:5)
  A white draconian skeleton (Crypt:2)
  3 meliai (Lair:5)
  2 tengu conjurers
  A harpy zombie (Geh:5)
  12 merfolk
  A troll (shapeshifter) (Vaults:2)
  9 trolls
  20 hornets
  A blink frog (shapeshifter) (Depths:4)
  4 spectral jumping spiders (Spider:4)
  A jumping spider zombie (Spider:4)
  4 wind drakes
  A hornet (shapeshifter) (Depths:2)
  117 slime creatures
  2 harpy skeletons
  3 spectral tarantellas (Spider:4)
  An alligator zombie (Geh:1)
  A dream sheep (shapeshifter) (D:14)
  14 dream sheep
  An iron dragon simulacrum (Tomb:1)
  3 fire dragon zombies
  2 hydra skeletons
  8 blink frogs
  14 snapping turtles
  2 stone giant simulacra
  5 ice dragon zombies
  2 tarantella zombies (Spider:4)
  A frost giant simulacrum (Vaults:3)
  10 hippogriffs
  A hippogriff (shapeshifter) (D:14)
  5 ettin zombies
  2 alligator skeletons
  3 ettin skeletons
  2 ice dragon skeletons
  63 redbacks
  123 flying skulls
  7 vampires
  A redback (shapeshifter) (Elf:1)
  A spriggan (shapeshifter) (D:14)
  10 spriggans
  13 water elementals
  2 ynoxinuls
  A black mamba zombie (Tomb:1)
  29 tarantellas
  The ghost of Amnesiac the Charlatan, an amateur SpAr (D:4)
  19 ushabtiu
  19 shadows
  2 black mamba skeletons
  67 yaks
  44 wraiths
  2 humans (shapeshifter)
  A wyvern (Lair:4)
  4 basilisks
  2 fire dragon skeletons
  A basilisk (shapeshifter) (Depths:2)
  45 fire elementals
  6 golden eyes
  A chaos spawn (Depths:3)
  16 vampire mosquitoes
  Grum (Lair:1)
  2 hungry ghosts
  A torturous demonspawn zombie (Crypt:1)
  A soldier ant (shapeshifter) (Vaults:1)
  A swamp worm (shapeshifter) (Vaults:4)
  A warg (shapeshifter) (D:15)
  13 wargs
  A hydra simulacrum (Hell)
  2 merfolk zombies
  A merfolk skeleton (Geh:5)
  25 soldier ants
  2 acid dragons
  6 spiny frog zombies
  69 hell hounds
  11 water moccasins
  7 porcupines
  5 floating eyes
  4 spiny frog skeletons
  3 ice beasts
  A meliai simulacrum (D:15)
  An elephant zombie (Crypt:1)
  A sky beast (D:10)
  3 black bears
  65 orc warriors
  An ettin simulacrum (Vaults:4)
  2 hornet zombies
  An ogre (shapeshifter) (Depths:3)
  11 necrophages
  2 slaves (D:9)
  36 ogres
  13 phantoms
  A manticore zombie (Crypt:1)
  10 wolves
  A fire dragon simulacrum (Crypt:1)
  A swamp dragon zombie (Geh:6)
  4 snapping turtle zombies
  13 boggarts
  18 centaurs
  A wolf (shapeshifter) (Vaults:5)
  6 eyes of draining
  7 snapping turtle skeletons
  7 crocodiles
  A manticore skeleton (Tomb:2)
  5 swamp dragon skeletons
  5 big kobolds
  2 earth elementals (Elf:3)
  14 bullfrogs
  A yaktaur zombie (Crypt:1)
  A gnoll sergeant (Orc:2)
  A spiny frog simulacrum (Hell)
  A wyvern zombie (Crypt:2)
  2 wyvern skeletons
  A troll zombie (Geh:5)
  3 scorpions
  A yak zombie (Crypt:2)
  31 killer bees
  An orc simulacrum (Vaults:1)
  69 wights
  A queen bee zombie (Crypt:3)
  6 howler monkeys
  4 electric eels
  3 centaur zombies
  17 crimson imps
  4 bullfrog zombies
  A human simulacrum (Vaults:2)
  A quasit (Depths:3)
  A wyvern simulacrum (D:12)
  6 centaur skeletons
  2 human zombies
  6 iron imps
  33 orc priests
  8 hounds
  6 jellies
  18 orc wizards
  6 iguanas
  3 bullfrog skeletons
  Ijyb (D:4)
  7 hell rats (Hell)
  27 worker ants
  A porcupine skeleton (Crypt:3)
  A hound zombie (D:5)
  A demigod skeleton (Crypt:2)
  2 hound skeletons
  58 mummies
  Robin (D:3)
  3 worker ant zombies
  10 gnolls
  14 adders
  4 shadow imps
  A swamp drake skeleton (Crypt:2)
  7 white imps
  6 ufetubi (IceCv)
  An ooze (D:1)
  2 oozes (shapeshifter)
  An iguana skeleton (Crypt:2)
  An adder skeleton (D:4)
  5 worms
  2 dart slugs
  7 leopard geckos
  143 orcs
  5 ball pythons
  6 giant cockroaches
  14 goblins
  12 hobgoblins
  15 jackals
  18 kobolds
  6 quokkas
  15 bats
  5 frilled lizards
  A giant cockroach zombie (D:5)
  A kobold zombie (Geh:2)
  A quokka skeleton (D:5)
  4 rats
  2 river rat skeletons
  2 fire vortices
  A plant (Shoals:4)
3632 creatures vanquished.

Vanquished Creatures (others)
  3 bennus (Tomb:2)
  4 death scarabs
  A hell hog (Geh:4)
  A death drake (shapeshifter) (Depths:1)
  2 skeletal warriors (Tomb:2)
  An unseen horror (D:12)
  A wizard (Vaults:1)
  A guardian mummy (Tomb:2)
  An ettin zombie (Geh:5)
  A shadow (Geh:4)
  2 flying skulls (Tomb:1)
  A redback (Spider:3)
  A wraith (Geh:1)
  2 hell hounds
  An orc warrior (Vaults:4)
  An ogre (Vaults:1)
  A centaur (D:14)
  2 wights
  A crimson imp (Depths:3)
  A mummy (Tomb:1)
  A shadow imp (D:8)
  2 white imps (IceCv)
  3 ufetubi (IceCv)
  2 orcs (Vaults:5)
  A frilled lizard (D:3)
  A kobold zombie (Tomb:3)
  An orc skeleton (Geh:4)
  A fire vortex (Geh:5)
  11 fungi
  22 plants
74 creatures vanquished.

Grand Total: 3706 creatures vanquished

Notes
Turn   | Place    | Note
-------+----------+-------------------------------------------
     0 | D:1      | galech the Troll Monk began the quest for the Orb.
     0 | D:1      | Reached XP level 1. HP: 22/22 MP: 0/0
   110 | D:1      | Reached XP level 2. HP: 27/29 MP: 1/1
   383 | D:1      | Reached XP level 3. HP: 36/36 MP: 2/2
   779 | D:2      | Reached XP level 4. HP: 38/45 MP: 3/3
   795 | D:2      | Reached skill level 4 in Unarmed Combat
   912 | D:2      | Found a faded altar of an unknown god.
  1267 | D:2      | Found a sacrificial altar of Ru.
  1341 | D:2      | Reached XP level 5. HP: 53/53 MP: 4/4
  1635 | D:3      | Noticed Robin
  1684 | D:3      | Killed Robin
  1875 | D:3      | Found a hazy altar of Hepliaklqana.
  1876 | D:3      | Found a bloodstained altar of Trog.
  1995 | D:3      | Found a bloodstained altar of Trog.
  2254 | D:4      | Reached XP level 6. HP: 59/62 MP: 5/5
  2448 | D:4      | Reached skill level 5 in Unarmed Combat
  2579 | D:4      | Reached XP level 7. HP: 70/70 MP: 6/6
  2618 | D:4      | Noticed Amnesiac's ghost (amateur SpAr)
  2636 | D:4      | Killed Amnesiac's ghost
  2766 | D:4      | Noticed Ijyb
  2771 | D:4      | Killed Ijyb
  3138 | D:5      | Entered Level 5 of the Dungeon
  3160 | D:5      | Reached skill level 6 in Unarmed Combat
  3192 | D:5      | Noticed p0werm0de's ghost (novice VSWn)
  3211 | D:5      | Reached skill level 5 in Fighting
  3226 | D:5      | Killed p0werm0de's ghost
  3226 | D:5      | Reached skill level 5 in Dodging
  3226 | D:5      | Reached XP level 8. HP: 59/81 MP: 7/7
  3339 | D:5      | Found a staircase to the Ecumenical Temple.
  3356 | Temple   | Entered the Ecumenical Temple
  3591 | D:5      | Reached skill level 7 in Unarmed Combat
  4025 | D:6      | Reached XP level 9. HP: 85/89 MP: 8/8
  4777 | D:7      | Reached skill level 8 in Unarmed Combat
  4839 | D:7      | Found a stormy altar of Qazlal.
  4842 | D:7      | Found an iron altar of Okawaru.
  4851 | D:7      | Became a worshipper of Warmaster Okawaru
  4851 | D:7      | Reached * piety under Okawaru
  4851 | D:7      | Reached ** piety under Okawaru
  5116 | D:7      | Got a warped platinum amulet
  5118 | D:7      | Identified the amulet "Sonogagh" {RegenMP Str+5 Int-2 SInv} (You found it on level 7 of the Dungeon)
  5704 | D:8      | Noticed a two-headed ogre
  5722 | D:8      | Noticed a two-headed ogre
  5886 | D:8      | Killed a two-headed ogre
  5886 | D:8      | Reached *** piety under Okawaru
  5945 | D:8      | Killed a two-headed ogre
  5945 | D:8      | Reached skill level 9 in Unarmed Combat
  5945 | D:8      | Reached XP level 10. HP: 73/102 MP: 9/9
  6307 | D:8      | Reached **** piety under Okawaru
  6485 | D:8      | Found a burning altar of Makhleb.
  6497 | D:8      | Found Bibischuh's Armour Shoppe.
  6643 | D:9      | Noticed Pikel
  6653 | D:8      | Killed Pikel
  6905 | D:9      | Found a staircase to the Orcish Mines.
  7062 | D:9      | Noticed Erolcha
  7074 | D:9      | Killed Erolcha
  7074 | D:9      | Reached skill level 10 in Unarmed Combat
  7151 | D:9      | Found a staircase to the Lair.
  7364 | D:9      | Found a burning altar of Makhleb.
  7442 | D:10     | Entered Level 10 of the Dungeon
  7606 | D:10     | Noticed a gargoyle
  7616 | D:10     | Killed a gargoyle
  7616 | D:10     | Reached ***** piety under Okawaru
  7867 | D:10     | Noticed Josephine
  7884 | D:10     | Reached XP level 11. HP: 102/113 MP: 6/10
  7919 | D:10     | Killed Josephine
  7919 | D:10     | Received a gift from Okawaru
  8140 | D:10     | Noticed Gastronok
  8153 | D:10     | Killed Gastronok
  8400 | D:10     | Reached skill level 11 in Unarmed Combat
  8680 | Orc:1    | Entered Level 1 of the Orcish Mines
  8680 | Orc:1    | Noticed a two-headed ogre
  8685 | Orc:1    | Killed a two-headed ogre
  8810 | Orc:1    | Noticed an orc knight
  8832 | Orc:1    | Killed an orc knight
  8966 | Orc:1    | Found a roughly hewn altar of Beogh.
  9047 | Orc:1    | Found Tuetz's Armour Boutique.
  9160 | Orc:2    | Entered Level 2 of the Orcish Mines
  9515 | Orc:2    | Reached skill level 10 in Fighting
  9515 | Orc:2    | Reached XP level 12. HP: 111/126 MP: 9/11
  9770 | Orc:2    | Reached skill level 10 in Dodging
  9798 | Orc:2    | Found a roughly hewn altar of Beogh.
  9915 | Orc:2    | Reached ****** piety under Okawaru
  9921 | Orc:2    | Received a gift from Okawaru
  9927 | Orc:2    | Got a jewelled troll leather armour {god gift}
  9938 | Orc:2    | Identified the +4 troll leather armour of the Devil's Advocate {-Tele Regen+ Dex+4 Slay+2} (Okawaru gifted it to you on level 2 of the Orcish Mines)
 10012 | Orc:2    | Found Imiacubb's Book Emporium.
 10040 | Orc:2    | Found Tuhymmen's Food Shoppe.
 10047 | Orc:2    | Reached skill level 1 in Armour
 10111 | Orc:2    | Reached skill level 12 in Unarmed Combat
 10136 | Orc:2    | Paralysed by an orc sorcerer for 7 turns
 10594 | Orc:2    | Noticed an orc high priest
 10623 | Orc:2    | Killed an orc high priest
 10640 | Orc:2    | Noticed an orc warlord
 10674 | Orc:2    | Killed an orc warlord
 10811 | Orc:2    | Found a staircase to the Elven Halls.
 10839 | Orc:2    | Noticed an orc high priest
 10847 | Orc:2    | Killed an orc high priest
 10847 | Orc:2    | Received a gift from Okawaru
 11079 | Orc:2    | Noticed an orc high priest
 11110 | Orc:2    | Killed an orc high priest
 11217 | Orc:2    | Noticed an orc high priest
 11229 | Orc:2    | Killed an orc high priest
 11402 | Orc:2    | Found a roughly hewn altar of Beogh.
 11417 | Orc:2    | Found Ucliexyr's Magic Scroll Emporium.
 11425 | Orc:2    | Bought a scroll of blinking for 97 gold pieces
 11425 | Orc:2    | Bought a scroll of teleportation for 39 gold pieces
 11425 | Orc:2    | Bought a scroll of identify for 26 gold pieces
 11425 | Orc:2    | Bought a scroll of identify for 26 gold pieces
 11425 | Orc:2    | Bought a scroll of identify for 26 gold pieces
 11425 | Orc:2    | Bought a scroll of identify for 26 gold pieces
 11431 | Orc:2    | Identified a scroll of acquirement
 11457 | Orc:2    | Noticed an orc high priest
 11468 | Orc:2    | Reached XP level 13. HP: 136/136 MP: 12/12
 11556 | Orc:2    | Found Vuups's Food Boutique.
 11788 | Lair:1   | Entered Level 1 of the Lair of Beasts
 11967 | Lair:1   | Noticed Grum
 11985 | Lair:1   | Killed Grum
 12590 | Lair:2   | Received a gift from Okawaru
 12810 | Lair:2   | Reached skill level 1 in Invocations
 12938 | Lair:2   | Reached skill level 13 in Unarmed Combat
 13481 | Lair:3   | Found a hole to the Spider Nest.
 14067 | Lair:4   | Found a dark tunnel.
 14079 | Volcano  | Entered a volcano
 14096 | Volcano  | Reached skill level 5 in Armour
 14797 | Lair:4   | Found a staircase to the Shoals.
 15027 | Lair:5   | Received a gift from Okawaru
 15132 | Lair:5   | Received a gift from Okawaru
 15161 | Lair:5   | Got a shimmering robe {god gift}
 15172 | Lair:5   | Identified the +1 robe of the Dice {MR+} (Okawaru gifted it to you on level 5 of the Lair of Beasts)
 15304 | Lair:5   | Reached XP level 14. HP: 122/146 MP: 8/15
 15760 | Lair:5   | Found a staircase to the Slime Pits.
 15831 | Lair:5   | Noticed an entropy weaver
 15832 | Lair:5   | Noticed an entropy weaver
 15859 | Lair:4   | Killed an entropy weaver
 15929 | Lair:5   | Killed an entropy weaver
 16036 | Lair:5   | Reached skill level 5 in Invocations
 16420 | Lair:6   | Entered Level 6 of the Lair of Beasts
 16591 | Lair:6   | Received a gift from Okawaru
 17010 | Lair:6   | Reached skill level 14 in Unarmed Combat
 18745 | D:11     | Reached XP level 15. HP: 134/157 MP: 16/18
 18856 | D:11     | Received a gift from Okawaru
 19177 | D:11     | Found a burning altar of Makhleb.
 19496 | D:12     | Got an ancient amber ring
 19499 | D:12     | Identified the ring of Balance {rPois rF++ Int+3} (You found it on level 12 of the Dungeon)
 19539 | D:12     | Found a portal to a secret trove of treasure.
 20776 | D:13     | Noticed Snorg
 20785 | D:13     | Killed Snorg
 20810 | D:13     | Found Dorij's Magic Scroll Boutique.
 20819 | D:13     | Bought a scroll of identify for 24 gold pieces
 20819 | D:13     | Bought a scroll of identify for 24 gold pieces
 20848 | D:13     | Received a gift from Okawaru
 21366 | D:14     | Found a labyrinth entrance.
 21379 | Lab      | Entered a labyrinth
 22029 | D:14     | Received a gift from Okawaru
 22305 | D:14     | Found a gate to the Vaults.
 22438 | D:15     | Entered Level 15 of the Dungeon
 22667 | D:15     | Reached XP level 16. HP: 150/167 MP: 20/20
 22686 | D:15     | Reached skill level 15 in Unarmed Combat
 23093 | D:15     | Paralysed by an ogre mage for 7 turns
 23458 | D:15     | Found a staircase to the Depths.
 23920 | Slime:1  | Entered Level 1 of the Pits of Slime
 23920 | Slime:1  | Noticed an acid blob
 23932 | Slime:1  | Killed an acid blob
 23964 | Slime:1  | Noticed an acid blob
 23970 | Slime:1  | Noticed an acid blob
 23975 | Slime:1  | Noticed an acid blob
 23975 | Slime:1  | Killed an acid blob
 24127 | Lair:5   | Upgraded the game from 0.22-a0-231-g1b571ea to 0.22-a0-240-g539252a
 24197 | Shoals:1 | Entered Level 1 of the Shoals
 24222 | Shoals:1 | Received a gift from Okawaru
 24354 | Shoals:1 | Found Henac's Distillery.
 24362 | Shoals:1 | Bought a potion of heal wounds for 90 gold pieces
 24402 | Shoals:1 | Found a frozen archway.
 24413 | IceCv    | Entered an ice cave
 24833 | IceCv    | Noticed an Ice Fiend
 24835 | IceCv    | Noticed an Ice Fiend
 24841 | IceCv    | Killed an Ice Fiend
 24851 | IceCv    | Killed an Ice Fiend
 26126 | Shoals:2 | Noticed Donald
 26183 | Shoals:2 | Killed Donald
 26214 | Shoals:2 | Received a gift from Okawaru
 26342 | Shoals:2 | Got a blackened great sword
 26343 | Shoals:2 | Identified the +7 great sword of Subterfuge {pain, Str+4} (You found it on level 2 of the Shoals)
 26406 | Shoals:2 | Noticed Louise
 26455 | Shoals:2 | Killed Louise
 26869 | Shoals:1 | Bought a potion of cancellation for 144 gold pieces
 27208 | Shoals:3 | Noticed Ilsuiw
 27268 | Shoals:3 | Reached XP level 17. HP: 105/178 MP: 16/23
 27931 | Shoals:3 | Killed Ilsuiw
 27940 | Shoals:3 | Reached skill level 10 in Armour
 28140 | Shoals:4 | Entered Level 4 of the Shoals
 28731 | Shoals:4 | Reached skill level 16 in Unarmed Combat
 29055 | Shoals:4 | Received a gift from Okawaru
 29055 | Shoals:4 | Reached skill level 10 in Invocations
 29202 | Shoals:4 | Got a barnacled rune of Zot
 29901 | Depths:1 | Entered Level 1 of the Depths
 30263 | Depths:1 | Received a gift from Okawaru
 30447 | D:12     | You paid a toll of +3 gold dragon scales to enter a treasure trove
 30448 | Trove    | Entered a treasure trove
 30456 | Trove    | Got a slimy bronze amulet
 30477 | Trove    | Got a smoking turquoise ring
 30479 | Trove    | Got a flickering turquoise ring
 30482 | Trove    | Got a shimmering ivory ring
 30495 | Trove    | Identified the ring "Tinoimn" {rElec rN+ MR- Int+3 Dex+8} (You found it in a treasure trove)
 30497 | Trove    | Identified the amulet "Pavvitoy" {Harm *Drain rElec rPois Dex-4 Stlth+} (You found it in a treasure trove)
 30499 | Trove    | Identified the ring of the Messenger {+Blink MP+9} (You found it in a treasure trove)
 30501 | Trove    | Identified the ring of the Lost Mice {Fire rN+ Dex+3} (You found it in a treasure trove)
 30509 | Trove    | Got distressingly furry storm dragon scales
 30521 | Trove    | Identified the +1 storm dragon scales of the Slug {rElec Int+3} (You found it in a treasure trove)
 30558 | D:12     | Got a bound tin ring
 30558 | D:12     | Got a pitted sapphire amulet
 30564 | D:12     | Got faintly glowing gold dragon scales
 30576 | D:12     | Identified the +1 gold dragon scales of Ughulech {rPois rF+ rC+ Str+3 Dex+3} (You acquired it on level 12 of the Dungeon)
 30577 | D:12     | Identified the ring of Vanity {rC+ rN+ MP+9} (You acquired it on level 12 of the Dungeon)
 30579 | D:12     | Identified the amulet "Generin" {Harm *Drain rPois MR+ MP+9 Int+4} (You acquired it on level 12 of the Dungeon)
 31444 | Depths:1 | Noticed a lich
 31457 | Depths:1 | Killed a lich
 31457 | Depths:1 | Reached XP level 18. HP: 189/189 MP: 24/24
 31533 | Depths:1 | Found a gateway to Hell.
 31909 | Depths:2 | Found a one-way gate to the infinite horrors of the Abyss.
 31995 | Depths:2 | Received a gift from Okawaru
 32522 | Depths:2 | Found a shattered altar of Ashenzari.
 32590 | Depths:2 | Noticed Nikola
 32611 | Depths:2 | Killed Nikola
 32863 | Depths:2 | Paralysed by a floating eye for 4 turns
 33163 | Depths:2 | Received a gift from Okawaru
 33356 | Depths:2 | Reached skill level 17 in Unarmed Combat
 33550 | Depths:2 | Paralysed by a great orb of eyes for 5 turns
 33641 | Depths:2 | Found a one-way gate leading to the halls of Pandemonium.
 33659 | Depths:2 | Reached XP level 19. HP: 179/198 MP: 26/26
 33830 | Depths:2 | Received a gift from Okawaru
 34236 | Depths:3 | Got a faintly glowing shield
 34242 | Depths:3 | Identified the +4 shield "Usimash" {rPois SInv} (You found it on level 3 of the Depths)
 34270 | Depths:3 | Paralysed by a floating eye for 4 turns
 34291 | Depths:3 | Reached skill level 1 in Shields
 34432 | Depths:3 | Paralysed by a floating eye for 4 turns
 34449 | Depths:3 | Noticed the Enchantress
 34463 | Depths:3 | Killed the Enchantress
 34489 | Depths:3 | Received a gift from Okawaru
 34493 | Depths:3 | Paralysed by a vampire knight for 7 turns
 34496 | Depths:3 | Noticed Jory
 34552 | Depths:3 | Killed Jory
 34756 | Depths:3 | Got faerie dragon scales
 34782 | Depths:3 | Reached skill level 15 in Fighting
 34811 | Depths:3 | Identified the +2 faerie dragon scales {rCorr Int+3} (You took it off the Enchantress on level 3 of the Depths)
 34823 | Depths:3 | Got a faintly glowing robe {god gift}
 34834 | Depths:3 | Identified the +2 robe of Monotheism {rPois rF+ Dex+4} (Okawaru gifted it to you on level 3 of the Depths)
 35239 | Depths:3 | Reached skill level 15 in Dodging
 35396 | Depths:4 | Found a gateway to a ziggurat.
 35400 | Depths:4 | Paralysed by a floating eye for 2 turns
 35564 | Depths:4 | Noticed Jorgrun
 35579 | Depths:4 | Killed Jorgrun
 35609 | Depths:4 | Paralysed by a great orb of eyes for 4 turns
 35648 | Depths:4 | Received a gift from Okawaru
 35796 | Depths:4 | Reached XP level 20. HP: 189/210 MP: 28/28
 36702 | Depths:4 | Paralysed by a sphinx for 3 turns
 36866 | Depths:5 | Entered Level 5 of the Depths
 36955 | Depths:5 | Noticed Margery
 36979 | Depths:5 | Killed Margery
 37015 | Depths:5 | Received a gift from Okawaru
 37298 | Depths:4 | HP: 4/211 [spriggan berserker/antimagic rapier[a spriggan defender] (14)]
 37577 | Depths:5 | Noticed Sojobo
 37592 | Depths:5 | Killed Sojobo
 37592 | Depths:5 | Reached skill level 5 in Shields
 37628 | Depths:5 | Noticed a bone dragon
 37638 | Depths:5 | Killed a bone dragon
 37638 | Depths:5 | Reached skill level 18 in Unarmed Combat
 37667 | Depths:5 | Got a clouded granite ring
 37729 | Depths:5 | Found a gate to the Realm of Zot.
 38525 | Hell     | Entered the Vestibule of Hell
 38525 | Hell     | Noticed Geryon
 38551 | Hell     | Killed Geryon
 38808 | Hell     | Received a gift from Okawaru
 38861 | Hell     | Reached XP level 21. HP: 221/221 MP: 29/29
 38872 | Hell     | Found a gateway to the decaying netherworld of Tartarus.
 38979 | Hell     | Found a gateway to the ashen valley of Gehenna.
 39073 | Hell     | Found a gateway to the Iron City of Dis.
 39168 | Hell     | Found a gateway to the freezing wastes of Cocytus.
 39592 | Spider:1 | Entered Level 1 of the Spider Nest
 40498 | Spider:2 | Noticed Arachne
 40518 | Spider:2 | Killed Arachne
 40583 | Spider:2 | Identified the ring of Compulsion {rPois Str+3 Stlth-} (You took it off a spriggan on level 5 of the Depths)
 40633 | Spider:2 | Noticed Agnes
 40641 | Spider:2 | Killed Agnes
 41715 | Spider:3 | Noticed Bai Suzhen
 41747 | Spider:3 | Killed Bai Suzhen
 42431 | Spider:4 | Entered Level 4 of the Spider Nest
 42745 | Spider:4 | Received a gift from Okawaru
 43610 | Spider:4 | Received a gift from Okawaru
 43630 | Spider:4 | Reached XP level 22. HP: 186/231 MP: 30/31
 43683 | Spider:4 | Got a gossamer rune of Zot
 44031 | Vaults:1 | Entered Level 1 of the Vaults
 44034 | Vaults:1 | Paralysed by a great orb of eyes for 7 turns
 45276 | Vaults:2 | Received a gift from Okawaru
 45448 | Vaults:2 | Found a staircase to the Crypt.
 45557 | Vaults:2 | Reached skill level 19 in Unarmed Combat
 46756 | Vaults:3 | Noticed Asterion
 46773 | Vaults:3 | Killed Asterion
 46844 | Vaults:3 | Received a gift from Okawaru
 47060 | Vaults:3 | Found Empey's Magic Scroll Shoppe.
 47080 | Vaults:3 | Bought a scroll of identify for 30 gold pieces
 47080 | Vaults:3 | Bought a scroll of blinking for 112 gold pieces
 47080 | Vaults:3 | Bought a scroll of teleportation for 45 gold pieces
 47080 | Vaults:3 | Bought a scroll of enchant armour for 112 gold pieces
 47080 | Vaults:3 | Bought a scroll of teleportation for 45 gold pieces
 47896 | Vaults:3 | Reached XP level 23. HP: 241/241 MP: 32/32
 48080 | Vaults:4 | Received a gift from Okawaru
 49354 | Vaults:4 | Reached skill level 15 in Invocations
 49453 | Vaults:4 | Received a gift from Okawaru
 49463 | Vaults:4 | Got pitted shadow dragon scales {god gift}
 49474 | Vaults:4 | Identified the +4 shadow dragon scales "Oter" {+Blink rF+ Stlth++++} (Okawaru gifted it to you on level 4 of the Vaults)
 49865 | Elf:1    | Entered Level 1 of the Elven Halls
 49989 | Elf:1    | Found an ancient bone altar of Kikubaaqudgha.
 50525 | Elf:1    | Found Aquwkax's Jewellery Shoppe.
 51184 | Elf:2    | Found a large runed door.
 51184 | Elf:2    | Found a large runed door.
 51193 | Elf:2    | Found a large runed door.
 51193 | Elf:2    | Found a large runed door.
 51478 | Elf:2    | Reached skill level 10 in Shields
 51724 | Elf:3    | Entered Level 3 of the Elven Halls
 51775 | Elf:3    | Found Gaagap's General Store.
 51788 | Elf:3    | Bought a potion of heal wounds for 80 gold pieces
 51887 | Elf:3    | Found Juhe's Food Shop.
 51964 | Elf:3    | Reached XP level 24. HP: 253/253 MP: 33/33
 52060 | Elf:3    | Received a gift from Okawaru
 52136 | Elf:3    | Reached skill level 20 in Unarmed Combat
 52153 | Elf:3    | Reached skill level 15 in Armour
 52417 | Elf:3    | Found the cursed necklace of Bloodlust {*Rage +Rage MR++ Int-3 Slay+6 *Curse}
 52440 | Elf:3    | Got a shimmering mace
 52441 | Elf:3    | Identified the cursed +1 mace "Iwurynor" {freeze, rC+ Str-5 Dex+4 Stlth+} (You found it on level 3 of the Elven Halls)
 52780 | Elf:3    | Found Mahaedghu's Food Shop.
 52887 | Elf:3    | Found Vuth's Jewellery Emporium.
 53452 | Slime:2  | Gained mutation: You are frail. (-10% HP) [a shining eye]
 53479 | Slime:1  | Gained mutation: You occasionally shout uncontrollably at your foes. [a shining eye]
 53486 | Slime:1  | Lost mutation: You are frail. (-10% HP) [potion of mutation]
 53486 | Slime:1  | Lost mutation: You occasionally shout uncontrollably at your foes. [potion of mutation]
 53486 | Slime:1  | Gained mutation: Scrolls take you a little longer to read. [potion of mutation]
 53486 | Slime:1  | Gained mutation: You evolve. [potion of mutation]
 53486 | Slime:1  | Gained mutation: You are partially covered in large bone plates. (SH +4) [potion of mutation]
 53486 | Slime:1  | Gained mutation: You are agile. (Dex +2) [potion of mutation]
 53769 | Slime:1  | Received a gift from Okawaru
 53990 | Slime:1  | Gained mutation: You have a pair of small horns on your head. [evolution]
 54569 | Slime:3  | Gained mutation: Your muscles are strong. (Str +2) [a shining eye]
 54600 | Slime:3  | Noticed Dissolution
 54600 | Slime:3  | Gained mutation: Your muscles are very strong. (Str +4) [a shining eye]
 54623 | Slime:2  | Killed Dissolution
 55157 | Slime:4  | Received a gift from Okawaru
 55600 | Slime:5  | Entered Level 5 of the Pits of Slime
 55976 | Slime:5  | Noticed the Royal Jelly
 55983 | Slime:5  | Killed the Royal Jelly
 55983 | Slime:5  | Reached XP level 25. HP: 258/263 MP: 29/34
 56482 | Slime:5  | Got a slimy rune of Zot
 56523 | Slime:5  | Got a sparkling lapis lazuli ring
 56562 | Slime:5  | Identified the ring of the Final Chapter {rElec MP+9 Str-4 Int+3 SInv} (You found it on level 5 of the Pits of Slime)
 57143 | Vaults:5 | Entered Level 5 of the Vaults
 57143 | Vaults:5 | Noticed Saint Roka
 57448 | Vaults:5 | Received a gift from Okawaru
 57852 | Vaults:5 | Noticed an ancient lich
 57861 | Vaults:5 | Killed Saint Roka
 57865 | Vaults:5 | Killed an ancient lich
 57999 | Vaults:5 | Received a gift from Okawaru
 58013 | Vaults:5 | Noticed an ancient lich
 58026 | Vaults:5 | Killed an ancient lich
 58062 | Vaults:5 | Noticed Mara
 58074 | Vaults:5 | Noticed galech's illusion
 58459 | Vaults:5 | Got a silver rune of Zot
 58590 | Vaults:5 | Received a gift from Okawaru
 58600 | Vaults:5 | Identified the +1 robe of Telimis {Str+5 Dex+2} (Okawaru gifted it to you on level 5 of the Vaults)
 58684 | Vaults:5 | Reached skill level 21 in Unarmed Combat
 58729 | Vaults:5 | Reached XP level 26. HP: 177/272 MP: 30/34
 59019 | Vaults:5 | Got a vibrating marble ring
 59024 | Vaults:5 | Identified the ring of Hun Gizy {rPois MR- Str+5 Int+9 Slay-3} (You took it off a tengu reaver on level 5 of the Vaults)
 59248 | Vaults:5 | Noticed galech's illusion
 59270 | Vaults:5 | Killed Mara
 59928 | Geh:1    | Entered Level 1 of Gehenna
 60762 | Crypt:1  | Entered Level 1 of the Crypt
 61148 | Crypt:1  | Received a gift from Okawaru
 61152 | Crypt:1  | Got a brightly glowing robe {god gift}
 61155 | Crypt:1  | Identified the +0 robe "Boetz" {rElec} (Okawaru gifted it to you on level 1 of the Crypt)
 62315 | Crypt:2  | Got a faintly humming robe
 62326 | Crypt:2  | Identified the +2 robe of the Crown {*Contam rF+ rCorr SInv} (You found it on level 2 of the Crypt)
 62344 | Crypt:2  | Gained mutation: You occasionally shout uncontrollably at your foes. [mutagenic glow]
 62371 | Crypt:3  | Entered Level 3 of the Crypt
 62758 | Crypt:3  | Found an ancient bone altar of Kikubaaqudgha.
 62759 | Crypt:3  | Found a basalt altar of Yredelemnul.
 62841 | Crypt:3  | Identified the +3 shield of the Thunderstorm {rN++ Str+3 Dex-3} (You found it on level 3 of the Crypt)
 63167 | Crypt:3  | Found a staircase to the Tomb.
 63423 | Tomb:1   | Entered Level 1 of the Tomb of the Ancients
 63607 | Tomb:1   | Identified the ring of the Sparrow {+Inv MR+ Int+2 Stlth-} (You found it on level 1 of the Tomb of the Ancients)
 63773 | Tomb:1   | Reached XP level 27. HP: 193/277 MP: 34/34
 64003 | Tomb:1   | Noticed a greater mummy
 64015 | Tomb:1   | Killed a greater mummy
 64046 | Tomb:1   | Paralysed by a sphinx for 2 turns
 64307 | Tomb:1   | Received a gift from Okawaru
 64555 | Tomb:1   | Noticed a greater mummy
 64569 | Tomb:1   | Killed a greater mummy
 64734 | Tomb:1   | Noticed a greater mummy
 64755 | Tomb:1   | Killed a greater mummy
 65415 | Tomb:2   | Noticed a greater mummy
 65415 | Tomb:2   | Noticed a greater mummy
 65416 | Tomb:2   | Noticed a greater mummy
 65416 | Tomb:2   | Noticed an ancient lich
 65452 | Tomb:2   | Killed an ancient lich
 65473 | Tomb:2   | Killed a greater mummy
 65484 | Tomb:2   | Killed a greater mummy
 65565 | Tomb:2   | Killed a greater mummy
 66294 | Tomb:1   | Noticed a greater mummy
 66295 | Tomb:1   | Noticed a greater mummy
 66296 | Tomb:1   | Noticed a greater mummy
 66305 | Tomb:1   | Noticed a greater mummy
 66309 | Tomb:1   | Killed a greater mummy
 66320 | Tomb:1   | Killed a greater mummy
 66331 | Tomb:1   | Killed a greater mummy
 66331 | Tomb:1   | Received a gift from Okawaru
 66331 | Tomb:1   | Reached skill level 22 in Unarmed Combat
 66340 | Tomb:1   | Killed a greater mummy
 66602 | Tomb:1   | Noticed a greater mummy
 66631 | Tomb:1   | Killed a greater mummy
 66660 | Tomb:1   | Noticed a greater mummy
 66679 | Tomb:1   | Killed a greater mummy
 66706 | Tomb:1   | Noticed a greater mummy
 66707 | Tomb:1   | Noticed a greater mummy
 66739 | Tomb:1   | Killed a greater mummy
 66758 | Tomb:1   | Killed a greater mummy
 66915 | Tomb:1   | Noticed a greater mummy
 66932 | Tomb:1   | Killed a greater mummy
 66948 | Tomb:1   | Noticed a greater mummy
 66976 | Tomb:1   | Noticed a greater mummy
 67032 | Tomb:1   | Killed a greater mummy
 67041 | Tomb:1   | Killed a greater mummy
 67359 | Tomb:1   | Noticed a greater mummy
 67370 | Tomb:1   | Noticed a greater mummy
 67384 | Tomb:1   | Killed a greater mummy
 67389 | Tomb:1   | Killed a greater mummy
 67459 | Tomb:1   | Noticed a greater mummy
 67471 | Tomb:1   | Killed a greater mummy
 67559 | Tomb:1   | Noticed a greater mummy
 67592 | Tomb:1   | Killed a greater mummy
 67746 | Tomb:1   | Noticed a greater mummy
 67759 | Tomb:1   | Killed a greater mummy
 67781 | Tomb:1   | Noticed a greater mummy
 67790 | Tomb:1   | Killed a greater mummy
 67797 | Tomb:1   | Noticed a greater mummy
 67808 | Tomb:1   | Killed a greater mummy
 68013 | Tomb:3   | Entered Level 3 of the Tomb of the Ancients
 68062 | Tomb:3   | Received a gift from Okawaru
 68127 | Tomb:3   | Noticed a greater mummy
 68152 | Tomb:3   | Killed a greater mummy
 68170 | Tomb:3   | Noticed a greater mummy
 68171 | Tomb:3   | Noticed a greater mummy
 68181 | Tomb:3   | Killed a greater mummy
 68187 | Tomb:3   | Noticed a greater mummy
 68188 | Tomb:3   | Noticed a greater mummy
 68494 | Tomb:3   | Noticed a greater mummy
 68509 | Tomb:3   | Noticed a greater mummy
 68511 | Tomb:3   | Noticed a greater mummy
 68511 | Tomb:3   | Killed a greater mummy
 68517 | Tomb:3   | Noticed a greater mummy
 68609 | Tomb:3   | Killed a greater mummy
 68623 | Tomb:3   | Killed a greater mummy
 69174 | Tomb:3   | Killed a greater mummy
 69425 | Tomb:3   | Killed a greater mummy
 69445 | Tomb:3   | Gained mutation: You are frail. (-10% HP) [a neqoxec]
 69482 | Tomb:3   | Killed a greater mummy
 69487 | Tomb:3   | Killed a greater mummy
 69489 | Tomb:3   | Got a scorched platinum ring
 69835 | Tomb:3   | Identified the ring "Leuram" {rC+ Str+5 Dex+7} (You took it off a greater mummy on level 3 of the Tomb of the Ancients)
 69883 | Tomb:3   | Got a golden rune of Zot
 70098 | Tomb:3   | Identified Sif Muna's Grimoire of Cloudy Snow
 70874 | Zot:1    | Entered Level 1 of the Realm of Zot
 71154 | Zot:1    | Received a gift from Okawaru
 71157 | Zot:1    | Got a brightly glowing robe {god gift}
 71168 | Zot:1    | Identified the +1 robe "Teur" {rC+} (Okawaru gifted it to you on level 1 of the Realm of Zot)
 71907 | Geh:1    | Gained mutation: You tend to lose your temper in combat. [mutagenic glow]
 71958 | Geh:1    | Gained mutation: You sometimes yell uncontrollably at your foes. [mutagenic glow]
 72189 | Geh:1    | Lost mutation: Your muscles are very strong. (Str +4) [potion of mutation]
 72189 | Geh:1    | Lost mutation: You tend to lose your temper in combat. [potion of mutation]
 72189 | Geh:1    | Lost mutation: Scrolls take you a little longer to read. [potion of mutation]
 72189 | Geh:1    | Gained mutation: You are partially covered in icy blue scales. (AC +2) [potion of mutation]
 72189 | Geh:1    | Gained mutation: You passively map a small area around you. [potion of mutation]
 72190 | Geh:1    | Lost mutation: You passively map a small area around you. [potion of mutation]
 72190 | Geh:1    | Lost mutation: Your muscles are strong. (Str +2) [potion of mutation]
 72190 | Geh:1    | Lost mutation: You sometimes yell uncontrollably at your foes. [potion of mutation]
 72190 | Geh:1    | Lost mutation: You are frail. (-10% HP) [potion of mutation]
 72190 | Geh:1    | Gained mutation: Your muscles are strong. (Str +2) [potion of mutation]
 72190 | Geh:1    | Gained mutation: You are occasionally teleported next to monsters. [potion of mutation]
 72190 | Geh:1    | Gained mutation: You have very sharp teeth. [potion of mutation]
 72211 | Geh:1    | Lost mutation: Your muscles are strong. (Str +2) [potion of mutation]
 72211 | Geh:1    | Lost mutation: You are agile. (Dex +2) [potion of mutation]
 72211 | Geh:1    | Lost mutation: You are occasionally teleported next to monsters. [potion of mutation]
 72211 | Geh:1    | Lost mutation: You are partially covered in large bone plates. (SH +4) [potion of mutation]
 72211 | Geh:1    | Lost mutation: You have a pair of small horns on your head. [potion of mutation]
 72211 | Geh:1    | Gained mutation: Your muscles are strong. (Str +2) [potion of mutation]
 72212 | Geh:1    | Lost mutation: Your muscles are strong. (Str +2) [potion of mutation]
 72212 | Geh:1    | Lost mutation: You occasionally shout uncontrollably at your foes. [potion of mutation]
 72212 | Geh:1    | Gained mutation: You are robust. (+10% HP) [potion of mutation]
 72212 | Geh:1    | Gained mutation: Scrolls take you a little longer to read. [potion of mutation]
 73008 | Geh:2    | Reached skill level 15 in Shields
 73998 | Geh:2    | Reached skill level 23 in Unarmed Combat
 74005 | Geh:2    | Received a gift from Okawaru
 74021 | Geh:2    | Got an ichor-stained hat {god gift}
 74039 | Geh:2    | Identified the +0 hat "Ebidav" {Str+2} (Okawaru gifted it to you on level 2 of Gehenna)
 75703 | Geh:4    | Gained mutation: You have an increased reservoir of magic. (+10% MP) [evolution]
 75936 | Geh:4    | Received a gift from Okawaru
 76714 | Geh:5    | Upgraded the game from 0.22-a0-240-g539252a to 0.22-a0-246-gdc04c06
 77211 | Geh:5    | Gained mutation: Armour fits poorly on your strangely shaped body. [mutagenic glow]
 77350 | Geh:5    | Gained mutation: Scrolls take you longer to read. [mutagenic glow]
 78945 | Geh:6    | Lost mutation: Armour fits poorly on your strangely shaped body. [potion of mutation]
 78945 | Geh:6    | Lost mutation: You are robust. (+10% HP) [potion of mutation]
 78945 | Geh:6    | Lost mutation: Scrolls take you longer to read. [potion of mutation]
 78945 | Geh:6    | Lost mutation: Scrolls take you a little longer to read. [potion of mutation]
 78945 | Geh:6    | Gained mutation: Your movements are slightly less encumbered by armour. (ER -2) [potion of mutation]
 78945 | Geh:6    | Gained mutation: You are resistant to hostile enchantments. (MR+) [potion of mutation]
 78945 | Geh:6    | Gained mutation: Your spells are a little harder to cast, but a little more powerful. [potion of mutation]
 79028 | Geh:6    | HP: 14/293 [balrug/divine providence (11)]
 79029 | Geh:6    | HP: 5/293 [balrug/divine providence (10)]
 79030 | Geh:6    | Killed from afar by a balrug

Vault maps used:
D:1:      sevenhm_arrival_forest_fort_small_3, corexii_leaking_fountain
D:2:      nicolae_overflow_hidden_temple, chequers_ecumenical_altar_island,
          minmay_split_cup_small
D:3:      chequers_temple_overflow_statue_of_worship, trog_book, uniq_robin
D:4:      first_ration, uniq_ijyb
D:5:      minmay_temple_entry_hall
D:6:      wad_floor_pattern_untrapped, serial_bayou_pond_c, amethyst_killhole
D:7:      grunt_temple_overflow_open
D:8:      lemuel_crystal_altar, serial_shops, shop
D:9:      lair_entry_dummy, orc_david_3, basic_altar, uniq_erolcha, uniq_pikel
D:10:     hangedman_ranch, uniq_gastronok, uniq_josephine
D:11:     basic_altar
D:12:     kennysheep_windowed_halls, enter_trove_0
D:13:     serial_shops, kennysheep_mini_moat, uniq_snorg
D:14:     david_vaults_2, nicolae_wwwww, lab_entry_generic, st_stairs_5
D:15:     gammafunk_enter_depths_forms, hex_tiny
Temple:   nicolae_temple_elliptical
Lair:1:   serial_bayou_pond_a, uniq_grum
Lair:2:   grunt_megastairs_5, infiniplex_staircase_pool_2, serial_bayou_shore_b
Lair:3:   spider_nest_entry_funnel_web, minmay_lair_oklob_chamber,
          infiniplex_staircase_pool
Lair:4:   minmay_shoals_entry_hut, enter_volcano_3, minmay_lair_drake_nest,
          grunt_megastairs_3
Lair:5:   slime_dummy, minivault_29
Lair:6:   grunt_lair_end_beastmaster
Shoals:1: serial_shops, shop_statue, portal_ice_cave_entry_pillars_1
Shoals:2: nicolae_shoals_circle_sea_wall, uniq_louise, uniq_donald
Shoals:3: nicolae_shoals_square_sea_wall, uniq_ilsuiw
Shoals:4: shoals_end_hangedman, shoal_ilsuiw
Spider:2: uniq_arachne, uniq_agnes
Spider:3: nicolae_spider_mines_3, uniq_bai_suzhen
Spider:4: floodkiller_spider_rune_tomb, spiders_nest_hornet_nest
Slime:1:  cheibrodos_slime_lost_civilization_7
Slime:3:  uniq_dissolution
Slime:4:  cheibrodos_slime_lost_civilization_6
Orc:1:    serial_shops, shop, mines2_david
Orc:2:    pubby_orc_utopia, serial_shops
Elf:1:    cheibrodos_elf_bladeworks, serial_shops, nicolae_shop_crystal,
          basic_altar
Elf:3:    grunt_elf_hall_branching, serial_shops, shop_fountains, shop, shop,
          nicolae_shop_behind_doors, minmay_misc_feat_five
Vaults:1: v_misc_2, vaults_room_pools, vaults_standard_mumra_x,
          nicolae_vaults_disjoint_gnomons, grunt_vaults_hallway_short,
          hangedman_vaults_slice
Vaults:2: blue_anna_dwarven_crypt, v_alt_pattern_2, vaults_room_door_hall,
          v_misc_9, nicolae_vaults_network_square, v_pattern_5,
          nicolae_vaults_alarming, ontoclasm_vaults_fault
Vaults:3: vaults_room_fours, nicolae_vaults_little_ls, vaults_room_semicircle,
          nicolae_vaults_diagonal_hallway_6, nicolae_vaults_what_the_h,
          vaults_mumra_minichess_inversion, nicolae_vaults_little_squares_1,
          vaults_room_semicircle, nicolae_vaults_little_squares_2, serial_shops,
          shop, uniq_asterion
Vaults:4: ontoclasm_vaults_ring_small, vaults_room_fours,
          vaults_room_large_hall, nicolae_vaults_windows_and_doors_thing,
          v_misc_23, vaults_room_door_hall, v_misc_25, nicolae_vaults_asterisk,
          vaults_room_glass_cross, ontoclasm_vaults_chip, v_alt_pattern_1,
          v_misc_19, ontoclasm_vaults_gateway, hangedman_vaults_impose,
          nicolae_vaults_shelves_hall, ontoclasm_vaults_loading_screen,
          hangedman_vaults_cutoff, v_misc_10
Vaults:5: serial_shops, uniq_saint_roka, uniq_mara
Crypt:3:  lightli_unholy_cathedral,
          nicolae_tomb_entry_unfolded_pyramid_orthogonal,
          serial_sigils_hangedman_leer, minivault_5
Depths:1: columned_hall_lemuel, lightli_too_deep, minmay_the_grid_2x2
Depths:2: minmay_imperfect_grid, rand_demon_pan_entry_1, hangedman_geh_valley,
          abyss_entry_crystal, nicolae_ashenzari_panopticon, serial_curves,
          eino_curves_02, eino_curves_02, eino_curves_02, uniq_nikola
Depths:3: hangedman_cross_stitches, grunt_pan_entry_in_and_out, hell_entry,
          serial_sigils_hangedman_scar, minmay_staircase_statues, uniq_jory,
          uniq_enchantress
Depths:4: kennysheep_blocky_hall, enter_ziggurat_a, hellmouth_1, abyss_entry,
          infiniplex_staircase_diamond, uniq_jorgrun
Depths:5: evilmike_zot_entry_basic, abyss_entry, serial_bayou_pond_d,
          hell_entry, hangedman_decor_growths, minmay_crystal_room, uniq_sojobo,
          uniq_margery
Geh:1:    evilmike_ambush
Geh:5:    lemuel_flamethrower_2
Lab:      labyrinth_mini_lab
Trove:    trove_simple
IceCv:    ice_cave_small_demon
Volcano:  volcano_caves

Skill      XL: |  1  2  3  4  5  6  7  8  9 10 11 12 13 14 15 16 17 18 19 20 21 22 23 24 25 26 27 |
---------------+----------------------------------------------------------------------------------+-----
Fighting       | 3 4 5 6 7 8 10 11 12 13 14 15 16 17 18 20 | 20.6
Unarmed Combat | 4 5 6 7 9 10 11 12 13 14 15 16 17 18 19 20 21 23 | 23.6
Dodging        | 3 4 5 6 7 8 9 10 11 12 13 14 15 16 17 18 20 | 20.5
Armour         | 3 5 7 8 9 10 11 12 13 14 15 16 18 | 18.9
Invocations    | 3 6 7 9 10 11 12 13 14 15 16 17 19 | 19.8
Shields        | 3 5 7 8 10 11 12 13 16 | 16.0
Stealth        | |  1.0

Action                   |  1- 3 |  4- 6 |  7- 9 | 10-12 | 13-15 | 16-18 | 19-21 | 22-24 | 25-27 || total
-------------------------+-------+-------+-------+-------+-------+-------+-------+-------+-------++-------
Melee: Unarmed           |    74 |   228 |   289 |   674 |  1305 |  1363 |  1786 |  2240 |  3767 || 11726
       Punch             |       |     3 |    13 |    53 |   138 |   157 |     6 |       |       ||   370
       Headbutt          |       |       |       |       |       |       |       |   111 |   750 ||   861
       Bite              |       |       |       |       |       |       |       |       |   302 ||   302
Invok: Heroism           |       |       |     1 |    14 |    23 |    29 |    31 |     7 |    48 ||   153
       Finesse           |       |       |       |       |     3 |     6 |    14 |     4 |    21 ||    48
 Abil: Evoke Blink       |       |       |       |       |       |       |       |     1 |       ||     1
Evoke: Wand              |       |       |       |       |       |       |     1 |       |       ||     1
  Use: Scroll            |       |       |       |    14 |    11 |    22 |    11 |     5 |    34 ||    97
       Potion            |       |       |       |       |     5 |     5 |     9 |     2 |    37 ||    58
 Stab: Sleeping          |     2 |     6 |     5 |     2 |     7 |     3 |       |     1 |       ||    26
       Distracted        |       |       |       |       |     1 |     2 |       |       |       ||     3
       Invisible         |       |       |       |       |       |       |       |       |     4 ||     4
  Eat: Chunk             |    12 |    17 |    33 |    54 |    98 |   103 |    82 |    83 |    78 ||   560
       Ration            |       |       |     1 |       |       |     1 |       |    10 |    40 ||    52
Armor: Robe              |    24 |    56 |    50 |    64 |       |    14 |       |       |       ||   208
       Troll leather arm |       |       |       |    21 |    99 |       |       |       |       ||   120
       Fire dragon scale |       |       |       |       |   112 |       |       |       |       ||   112
       Shadow dragon sca |       |       |       |       |    84 |   299 |       |       |       ||   383
       Gold dragon scale |       |       |       |       |       |   166 |   602 |   367 |   625 ||  1760
Dodge: Dodged            |    49 |   202 |   230 |   575 |  1302 |  1074 |  1027 |   593 |  1253 ||  6305
Block: Shield            |       |       |       |       |       |       |  1225 |   109 |   692 ||  2026
       Large shield      |       |       |       |       |       |       |       |  1419 |  2887 ||  4306

Table legend:
 A = Spawn XP
 B = Non-spawn XP
 C = Spawn XP percentage of total XP
 D = Spawn monster count
 E = Non-spawn monster count
 F = Spawn count percentage of total count
 G = Total turns spent on level
                    A         B        C        D         E        F      G
               +---------+---------+-------+---------+---------+-------+---------
         Total |       0 | 2181320 |   0.0 |       0 |    3608 |   0.0 | 79030
               +---------+---------+-------+---------+---------+-------+---------
           D:1 |       0 |      55 |   0.0 |       0 |      28 |   0.0 |   738
           D:2 |       0 |     213 |   0.0 |       0 |      42 |   0.0 |   832
           D:3 |       0 |      82 |   0.0 |       0 |      25 |   0.0 |   649
           D:4 |       0 |     762 |   0.0 |       0 |      28 |   0.0 |   919
           D:5 |       0 |    1514 |   0.0 |       0 |      37 |   0.0 |   631
           D:6 |       0 |     913 |   0.0 |       0 |      19 |   0.0 |   756
           D:7 |       0 |     794 |   0.0 |       0 |      11 |   0.0 |  1044
           D:8 |       0 |    3713 |   0.0 |       0 |      26 |   0.0 |  1094
           D:9 |       0 |    2467 |   0.0 |       0 |      19 |   0.0 |   891
          D:10 |       0 |    8410 |   0.0 |       0 |      33 |   0.0 |  1955
          D:11 |       0 |    6596 |   0.0 |       0 |      40 |   0.0 |   896
          D:12 |       0 |   16697 |   0.0 |       0 |      61 |   0.0 |  1416
          D:13 |       0 |    5543 |   0.0 |       0 |      38 |   0.0 |   803
          D:14 |       0 |   19158 |   0.0 |       0 |      52 |   0.0 |   954
          D:15 |       0 |   17601 |   0.0 |       0 |      52 |   0.0 |  1988
        Lair:1 |       0 |    2508 |   0.0 |       0 |      16 |   0.0 |   903
        Lair:2 |       0 |    4334 |   0.0 |       0 |      21 |   0.0 |   790
        Lair:3 |       0 |    5561 |   0.0 |       0 |      12 |   0.0 |   985
        Lair:4 |       0 |    8330 |   0.0 |       0 |      25 |   0.0 |  1113
        Lair:5 |       0 |   20646 |   0.0 |       0 |      95 |   0.0 |  1680
        Lair:6 |       0 |   15120 |   0.0 |       0 |      36 |   0.0 |  1249
      Shoals:1 |       0 |   18694 |   0.0 |       0 |      37 |   0.0 |  1375
      Shoals:2 |       0 |   12185 |   0.0 |       0 |      22 |   0.0 |   957
      Shoals:3 |       0 |   18729 |   0.0 |       0 |      32 |   0.0 |  1116
      Shoals:4 |       0 |   35459 |   0.0 |       0 |      63 |   0.0 |  1390
      Spider:1 |       0 |   18434 |   0.0 |       0 |      52 |   0.0 |   763
      Spider:2 |       0 |   15592 |   0.0 |       0 |      39 |   0.0 |  1353
      Spider:3 |       0 |   26192 |   0.0 |       0 |      55 |   0.0 |   874
      Spider:4 |       0 |   45704 |   0.0 |       0 |      93 |   0.0 |  1269
       Slime:1 |       0 |   26003 |   0.0 |       0 |      36 |   0.0 |   897
       Slime:2 |       0 |   26320 |   0.0 |       0 |      21 |   0.0 |   578
       Slime:3 |       0 |   14296 |   0.0 |       0 |      21 |   0.0 |   420
       Slime:4 |       0 |   16018 |   0.0 |       0 |      30 |   0.0 |   832
       Slime:5 |       0 |   49177 |   0.0 |       0 |      35 |   0.0 |   924
         Orc:1 |       0 |    3795 |   0.0 |       0 |      45 |   0.0 |   671
         Orc:2 |       0 |   18797 |   0.0 |       0 |     144 |   0.0 |  2543
         Elf:1 |       0 |   23848 |   0.0 |       0 |      35 |   0.0 |   884
         Elf:2 |       0 |   36974 |   0.0 |       0 |      57 |   0.0 |  1063
         Elf:3 |       0 |   57171 |   0.0 |       0 |      63 |   0.0 |  1223
      Vaults:1 |       0 |   27217 |   0.0 |       0 |      52 |   0.0 |  1196
      Vaults:2 |       0 |   48713 |   0.0 |       0 |      68 |   0.0 |  1615
      Vaults:3 |       0 |   55740 |   0.0 |       0 |      96 |   0.0 |  1513
      Vaults:4 |       0 |  127747 |   0.0 |       0 |     169 |   0.0 |  2316
      Vaults:5 |       0 |  144493 |   0.0 |       0 |      92 |   0.0 |  1827
       Crypt:1 |       0 |   44389 |   0.0 |       0 |      64 |   0.0 |  1043
       Crypt:2 |       0 |   18607 |   0.0 |       0 |      33 |   0.0 |   585
       Crypt:3 |       0 |   55046 |   0.0 |       0 |      66 |   0.0 |  1096
        Tomb:1 |       0 |  177241 |   0.0 |       0 |     110 |   0.0 |  3663
        Tomb:2 |       0 |   60600 |   0.0 |       0 |      76 |   0.0 |  1782
        Tomb:3 |       0 |   99569 |   0.0 |       0 |      78 |   0.0 |  1663
      Depths:1 |       0 |   35162 |   0.0 |       0 |      41 |   0.0 |  1658
      Depths:2 |       0 |   83048 |   0.0 |       0 |      95 |   0.0 |  2185
      Depths:3 |       0 |   47895 |   0.0 |       0 |      56 |   0.0 |  1305
      Depths:4 |       0 |   72696 |   0.0 |       0 |      77 |   0.0 |  1935
      Depths:5 |       0 |   65493 |   0.0 |       0 |      53 |   0.0 |  1569
          Hell |       0 |   42294 |   0.0 |       0 |      85 |   0.0 |  2459
         Geh:1 |       0 |   66094 |   0.0 |       0 |     127 |   0.0 |  1171
         Geh:2 |       0 |   50910 |   0.0 |       0 |     125 |   0.0 |   968
         Geh:3 |       0 |   67735 |   0.0 |       0 |     125 |   0.0 |  1140
         Geh:4 |       0 |   44193 |   0.0 |       0 |     113 |   0.0 |  1105
         Geh:5 |       0 |   81053 |   0.0 |       0 |     132 |   0.0 |  1770
         Geh:6 |       0 |   17669 |   0.0 |       0 |      32 |   0.0 |   226
         Zot:1 |       0 |   28549 |   0.0 |       0 |      13 |   0.0 |   502
           Lab |       0 |    1215 |   0.0 |       0 |       1 |   0.0 |   334
         IceCv |       0 |   11749 |   0.0 |       0 |      30 |   0.0 |   649
       Volcano |       0 |    1798 |   0.0 |       0 |       3 |   0.0 |    49
               +---------+---------+-------+---------+---------+-------+---------
